 Dungeon Crawl Stone Soup version 0.30.0-5-g1a98f26d00 (webtiles) character file.

Game seed: 18269089895161135890

1 hawla the Firebug (level 1, 0/14 HPs)
             Began as a Meteoran Fire Elementalist on May 11, 2023.
             Slain by a jackal (2 damage)
             ... on level 2 of the Dungeon.
             The game lasted 00:00:28 (61 turns).

hawla the Firebug (Meteoran Fire Elementalist)        Turns: 61, Time: 00:00:28

Health: 0/14       AC:  2    Str:  9    XL:     1   Next: 28%
Magic:  4/5        EV: 12    Int: 16    God:
Gold:   0          SH:  0    Dex: 14    Spells: 4/5 levels left

rFire   . . .        (no weapon)
rCold   . . .        (no shield)
rNeg    . . .        a - +0 robe
rPois   .            (no helmet)
rElec   .            (no cloak)
rCorr   .            (no gloves)
SInv    .            (no boots)
Will    .....        (no amulet)
Stlth   +            (no ring)
HPRegen 0.22/turn    (no ring)
MPRegen 0.09/turn

%: no passive effects
@: glowing
A: sense surroundings 1, otherworldly, glowing, explore regen
a: no special abilities


You were on level 2 of the Dungeon.
You visited 1 branch of the dungeon, and saw 2 of its levels.

Inventory:

Armour
 a - a +0 robe (worn)
Potions
 b - a potion of magic


   Skills:
 + Level 2.4 Dodging
 - Level 1.4 Stealth
 + Level 2.8 Spellcasting
 + Level 1.2 Conjurations
 + Level 3.6 Fire Magic


You had 4 spell levels left.
You knew the following spells:

 Your Spells              Type           Power      Damage    Failure   Level
a - Foxfire               Conj/Fire      40%        2x1d6     7%          1

Your spell library contained the following spells:

 Spells                   Type           Power      Damage    Failure   Level
 Scorch                   Fire           26%        2d6       6%          2
 Inner Flame              Hex/Fire       8%         N/A       26%         3
 Volatile Blastmotes      Fire/Tloc      16%        2d11      26%         3
 Flame Wave               Conj/Fire      10%        2d6       56%         4


Dungeon Overview and Level Annotations

Branches:
Dungeon (2/15) Zot: 1138

Altars:


Innate Abilities, Weirdness & Mutations

You passively map a small area around you.
You are easily found by Zot.
You glow in the dark.
You regain HP and MP as you explore.


Message History

You closely miss the jackal.
The jackal is severely wounded.
The jackal closely misses you. The jackal bites you.
The jackal bites you but does no damage.
The jackal bites you.
You hit the jackal but do no damage.
The jackal is severely wounded.
The jackal closely misses you. x2
You closely miss the jackal.
The jackal is severely wounded.
The jackal barely misses you.
The jackal bites you but does no damage.
You barely miss the jackal.
The jackal is severely wounded.
The jackal bites you but does no damage.
The jackal bites you. x2; The jackal misses you.
You hit the jackal but do no damage.
The jackal is severely wounded.
The jackal bites you but does no damage.
The jackal barely misses you.
You closely miss the jackal.
The jackal is severely wounded.
The jackal closely misses you. x2; The jackal misses you.
The jackal bites you but does no damage.
You closely miss the jackal.
The jackal is severely wounded.
The jackal barely misses you. x2
Okay, then.
You closely miss the jackal.
The jackal is severely wounded.
The jackal bites you. x2
You closely miss the jackal.
The jackal is severely wounded.
The jackal bites you. The jackal barely misses you. The jackal misses you.
The jackal bites you.
* * * LOW HITPOINT WARNING * * *
You closely miss the jackal.
The jackal is severely wounded.
The jackal closely misses you. The jackal bites you.
You die...

.....
##.#. * *
#..#. ,*
, #... ,
* #...,
#..# * *
, * #..#
,
#h######
*
*#@h....#
*
#####.##
#.# * #.#
* * #.# ,
######.#
,#......#
,
#.######
* *
,#<..#


You could see 2 jackals.

Vanquished Creatures
  A jackal (D:2)
1 creature vanquished.

Vanquished Creatures (others)
  3 foxfires (D:2)
3 creatures vanquished.

Grand Total: 4 creatures vanquished

Notes
Turn   | Place    | Note
-------+----------+-------------------------------------------
     0 | D:1      | hawla the Meteoran Fire Elementalist began the quest for
                  | the Orb.
     0 | D:1      | Reached XP level 1. HP: 14/14 MP: 5/5
    61 | D:2      | Slain by a jackal

Illustrated notes

Levels and vault maps discovered:
D:1:      dpeg_arrival_court, layout_basic, chequers_serial_rivers_small_3,
          minmay_hedge_maze
D:2:      layout_basic

Action                     || total
---------------------------++-------
  Melee: Unarmed           ||    12
   Cast: Foxfire           ||     2
    Use: Scroll            ||     1
 Armour: Robe              ||     5
  Dodge: Dodged            ||    16
